 Dungeon Crawl Stone Soup version 0.16-a0-3736-g4b94454 (console) character file.

191 mauris the Cudgeler (level 5, -13/41 HPs)
             Began as a Mummy Chaos Knight on Jan 22, 2015.
             Was a Plaything of Xom.
             Mangled by a shadow (29 damage)
             ... summoned by the capriciousness of Xom
             ... in the Ecumenical Temple.
             The game lasted 00:08:28 (7681 turns).

mauris the Cudgeler (Mummy Chaos Knight)            Turns: 7681, Time: 00:08:28

Health: -13/41     AC:  6    Str: 15    XL:     5   Next: 41%
Magic:  5/5        EV: 11    Int: 12    God:    Xom [......]
Gold:   215        SH:  0    Dex: 11    Spells: 0 memorised, 4 levels left

rFire  x . .     SeeInvis .     h - +0 long sword (chaos)
rCold  + . .     Clarity  .     b - +2 leather armour
rNeg   + + +     SustAb   .     (no shield)
rPois  ∞         Gourm    .     (no helmet)
rElec  .         Spirit   .     (no cloak)
rCorr  .         Warding  .     d - +0 pair of gloves
rMut   .         Stasis   .     (no boots)
MR     .....                    (no amulet)
Stlth  +.........               (no ring)
                                (no ring)

@: about to teleport, not resistant to hostile enchantments, very unstealthy
A: no food or potions, fire vulnerability, restore body, cold resistance 1,
negative energy resistance 3, poison resistance, torment resistance, unbreathing
a: Renounce Religion


You were in the Ecumenical Temple.
You worshipped Xom.
You were a very special plaything of Xom.
You were not hungry.

You visited 2 branches of the dungeon, and saw 5 of its levels.

You collected 215 gold pieces.

Inventory:

Hand weapons
 a - a +0 mace of chaos
 h - a +0 long sword of chaos (weapon)
Missiles
 i - 15 sling bullets of flame
 j - 124 stones (quivered)
 k - 21 sling bullets
Armour
 b - a +2 leather armour (worn)
 d - a +0 pair of gloves (worn)
Magical devices
 n - a wand of teleportation (3) {!d@v4}
Scrolls
 c - 2 scrolls of identify {@r1}
 e - a scroll of amnesia
 g - a scroll of recharging
 l - 2 scrolls of magic mapping
Comestibles
 f - a bread ration


   Skills:
 - Level 3.1 Fighting
 + Level 5.0 Maces & Flails
 - Level 1.5 Armour
 - Level 1.0 Dodging


You had 4 spell levels left.
You didn't know any spells.

Dungeon Overview and Level Annotations

Branches:
Dungeon (4/15)             Temple (1/1) D:4

Altars:
Cheibriados
Elyvilon
Fedhas
Gozag
Kikubaaqudgha
Makhleb
Okawaru
Qazlal
Sif Muna
Trog
Vehumet
Xom
Zin
The Shining One

Portals:
Abyss: D:1***


Innate Abilities, Weirdness & Mutations

You do not eat or drink.
Your flesh is vulnerable to fire.
Your flesh is cold resistant.
You are immune to negative energy.
Your system is resistant to poisons.
You are immune to unholy pain and torment.
You can survive without breathing.


Message History

The shadow slips into darkness.
The shadow flickers and vanishes!
The shadow strikes at you from the darkness!
Ouch! That really hurt!
* * * LOW HITPOINT WARNING * * *
A shower of butterflies erupts from you!
Reactivating autopickup.
Read which item? (? for menu, Esc to quit)
Okay, then.
Evoke which item? (* to show all) (? for menu, Esc to quit)
Zapping:
n - a wand of teleportation (4) {!d@v4}
Press: ? - help, Shift-Dir - straight line, f - you You feel strangely unstable.
This wand has 3 charges left.
The shadow barely misses you.
The shadow barely misses your butterfly.
You swap places.
The shadow strikes at you from the darkness!
Ouch! That really hurt!
You die...
Xom titters!

##### #########
.._.### ###.......###
.._...###..._...M...##
..._...#......b.b.bb.#
......###.........W.##
<............b..b..##
......###...........##
.......#.............#
.._...###..._..._...##
_...### #.......###
##### #########


You could see a shadow.

Vanquished Creatures
  Eustachio (D:4)
  A hound (D:4)
  4 adders
  2 giant geckos
  2 orcs (D:3)
  3 bats
  2 giant cockroaches
  5 hobgoblins
  6 jackals (D:3)
  2 kobolds
  A quokka (D:3)
  2 giant newts (D:1)
  5 goblins
  4 rats
40 creatures vanquished.

Vanquished Creatures (collateral kills)
  A kobold (D:4)
1 creature vanquished.

Grand Total: 41 creatures vanquished

Notes
Turn   | Place    | Note
--------------------------------------------------------------
     0 | D:1      | mauris, the Mummy Chaos Knight, began the quest for the Orb.
     0 | D:1      | Reached XP level 1. HP: 18/18 MP: 1/1
    85 | D:1      | XOM: harmless Divn miscast
   229 | D:1      | XOM: scenery: create altars
   345 | D:1      | Reached skill level 1 in Dodging
   857 | D:1      | XOM: god gift: 19 stones
   964 | D:2      | Reached XP level 2. HP: 24/24 MP: 2/2
  1056 | D:2      | XOM: vitrification
  1208 | D:2      | Found a glowing silver altar of Zin.
  1209 | D:2      | Found a glowing golden altar of the Shining One.
  1229 | D:2      | XOM: 6-stop teleportation journey
  1359 | D:2      | Found a blossoming altar of Fedhas.
  1516 | D:2      | Reached XP level 3. HP: 22/29 MP: 3/3
  2368 | D:3      | Reached XP level 4. HP: 28/35 MP: 4/4
  2577 | D:4      | Noticed Eustachio
  2584 | D:4      | Killed Eustachio
  2584 | D:4      | Reached skill level 4 in Maces & Flails
  2584 | D:4      | Reached XP level 5. HP: 41/41 MP: 5/5
  2585 | D:4      | good
  2719 | D:4      | XOM: enchant monster (bad)
  2732 | D:4      | Reached skill level 5 in Maces & Flails
  2826 | D:4      | Found a staircase to the Ecumenical Temple.
  2839 | Temple   | Entered the Ecumenical Temple
  2987 | Temple   | XOM: scenery: create altars
  3298 | Temple   | XOM: divination: detect creatures
  3551 | Temple   | XOM is BORED!
  3551 | Temple   | XOM: mild Erth miscast
  3653 | Temple   | XOM: silly message
  4133 | Temple   | XOM: divination: detect items
  5353 | Temple   | XOM is BORED!
  5353 | Temple   | XOM: noise
  5428 | Temple   | XOM: god gift: bread ration
  6407 | Temple   | XOM: god gift: runed long sword {god gift}
  7245 | Temple   | XOM is BORED!
  7245 | Temple   | XOM: mild Fire miscast
  7500 | Temple   | XOM: divination: detect items
  7618 | Temple   | XOM: 3-stop teleportation journey
  7674 | Temple   | XOM: medium Necr miscast
  7675 | Temple   | Noticed a shadow
  7675 | Temple   | Noticed a shadow
  7678 | Temple   | XOM: butterfly on damage
  7681 | Temple   | Mangled by a shadow

Action                   |  1- 3 |  4- 6 || total
-------------------------+-------+-------++-------
Melee: Mace              |   127 |    28 ||   155
Throw: Stone             |     6 |       ||     6
Evoke: Wand              |       |     1 ||     1
  Use: Scroll            |     3 |     4 ||     7
 Stab: Petrifying        |       |     1 ||     1

Vault maps used:
D:1:      minmay_arrival_glassed_features, minmay_door_square
D:2:      nicolae_overflow_hidden_temple, fedhas_altar_4
D:3:      first_bread
D:4:      kennysheep_kobold_camp, minmay_temple_entry_trees, uniq_robin,
          uniq_eustachio, uniq_pikel
Temple:   zaba_magenta_temple_12
